 Dungeon Crawl Stone Soup version 0.27.1-1-g398f81649c (webtiles) character file.

Game seed: 15721917995834614479

122115 speeev33 the Tortoise (level 16, -5/157 HPs)
             Began as a Minotaur Berserker on Sept 12, 2021.
             Was the Champion of Trog.
             Slain by an apocalypse crab (11 damage)
             ... on level 2 of the Abyss.
             The game lasted 01:04:35 (26003 turns).

speeev33 the Tortoise (Minotaur Berserker)         Turns: 26003, Time: 01:04:36

Health: -5/157     AC: 24    Str: 36    XL:     16   Next: 33%
Magic:  15/15      EV: 10    Int:  6    God:    Trog [******]
Gold:   2522       SH: 21    Dex: 11    Spells: 15/15 levels left

rFire    . . .     SeeInvis +   a - +3 scimitar of Luos Rer {holy, rElec Dex+2}
rCold    . . .     Faith    .   t - +1 kite shield
rNeg     + + +     Spirit   .   y - +3 chain mail of the Onion {rN+ Will+ rCorr Dex-2}
rPois    .         Reflect  +   (helmet restricted)
rElec    +         Harm     .   z - +0 cloak
rCorr    +         Rampage  +   g - +0 pair of gloves
Will     ++...                  J - +0 pair of boots {rampage}
Stlth    ..........             c - amulet of reflection
HPRegen  0.36/turn              A - ring of Wuec {Drain Str+4 Int+6 Slay+5}
MPRegen  0.14/turn              M - ring of Dim Light {Fly rN+++ Str+4 Int-4 SInv}

@: lethally poisoned (-5 -> -32), flying
A: horns 2, retaliatory headbutt
a: Renounce Religion, Berserk, Trog's Hand, Brothers in Arms


You were on level 2 of the Abyss.
You worshipped Trog.
Trog was exalted by your worship.
You visited 2 branches of the dungeon, and saw 21 of its levels.
You visited the Abyss 1 time.
You also visited: Bailey.

You collected 2522 gold pieces.

Inventory:

Hand Weapons
 a - the +3 scimitar of Luos Rer (weapon) {holy, rElec Dex+2}
   (You found it on level 6 of the Lair of Beasts)

   It has been blessed by the Shining One to cause great damage to the undead
   and demons.
   Dex:       It affects your dexterity (+2).
   rElec:     It insulates you from electricity.
 b - a +1 scimitar of flaming
 O - the +6 long sword of Minotaur's Regret {vorpal, Will++}
   (Trog gifted it to you on level 5 of the Lair of Beasts)

   It inflicts extra damage upon your enemies.
   Will:      It greatly increases your willpower.
Missiles
 e - 27 boomerangs
 s - 68 poisoned darts
 H - a throwing net (quivered)
Armour
 g - a +0 pair of gloves (worn)
 t - a +1 kite shield (worn)
 y - the +3 chain mail of the Onion (worn) {rN+ Will+ rCorr Dex-2}
   (You found it in a bailey)

   Dex:       It affects your dexterity (-2).
   rN:        It protects you from negative energy.
   rCorr:     It protects you from acid and corrosion.
   Will:      It increases your willpower.
 z - a +0 cloak (worn)
 D - the +0 chain mail of Diomnurr {rF++ Dex-5 Slay+4}
   (You found it on level 10 of the Dungeon)

   Dex:       It affects your dexterity (-5).
   Slay:      It affects your accuracy & damage with ranged weapons and melee
   (+4).
   rF:        It greatly protects you from fire.
 J - a +0 pair of boots of rampaging (worn)
 N - a +6 plate armour of ponderousness
Jewellery
 c - an amulet of reflection (around neck)
 k - the ring of Jufog {rElec rF+ rCorr AC+4}
   (You acquired it on level 3 of the Dungeon)

   [ring of protection]

   AC:        It affects your AC (+4).
   rF:        It protects you from fire.
   rElec:     It insulates you from electricity.
   rCorr:     It protects you from acid and corrosion.
 A - the ring of Wuec (left hand) {Drain Str+4 Int+6 Slay+5}
   (You acquired it on level 10 of the Dungeon)

   [ring of intelligence]

   Str:       It affects your strength (+4).
   Int:       It affects your intelligence (+6).
   Slay:      It affects your accuracy & damage with ranged weapons and melee
   (+5).
   Drain:     It drains your maximum health when unequipped.
 B - a ring of positive energy
 M - the ring of Dim Light (right hand) {Fly rN+++ Str+4 Int-4 SInv}
   (You found it on level 6 of the Lair of Beasts)

   [ring of flight]

   Str:       It affects your strength (+4).
   Int:       It affects your intelligence (-4).
   rN:        It renders you almost immune to negative energy.
   SInv:      It lets you see invisible.
   Fly:       It grants you flight.
Wands
 i - a wand of iceblast (5)
 l - a wand of paralysis (8)
 n - a wand of digging (12)
 v - a wand of flame (79)
 x - a wand of polymorph (27)
 Q - a wand of charming (15)
 R - a wand of acid (6)
Scrolls
 f - 2 scrolls of holy word
 p - 12 scrolls of teleportation
 u - a scroll of blinking
 E - 3 scrolls of enchant armour
 I - a scroll of fog
 K - a scroll of enchant weapon
 P - 2 scrolls of fear
 S - a scroll of identify
 U - a scroll of silence
Potions
 d - 2 potions of curing
 h - a potion of cancellation
 j - a potion of heal wounds
 m - 4 potions of flight
 o - a potion of attraction
 q - 2 potions of lignification
 r - a potion of magic
 w - 2 potions of might
 C - 2 potions of haste
 F - 2 potions of berserk rage
 G - a potion of invisibility
 L - a potion of ambrosia
Miscellaneous
 T - a condenser vane


   Skills:
 + Level 18.0 Fighting
 - Level 16.0 Long Blades
 + Level 20.3 Armour
 - Level 2.1 Dodging
 - Level 15.0 Shields
 + Level 4.7 Evocations


You had 15 spell levels left.
You didn't know any spells.
Your spell library was empty.

Dungeon Overview and Level Annotations

Branches:
Dungeon (15/15)            Temple (0/1) D:7            Lair (6/6) D:8
  Swamp (0/4) Lair:4       Spider (0/4) Lair:2        Slime (0/5) Lair:6
    Orc (0/2) D:12         Vaults (0/5) D:13         Bailey (visited)
 Depths: D:15

Altars:
Cheibriados
Dithmenos
Elyvilon
Hepliaklqana
Makhleb
Qazlal
Uskayaw
Xom
Yredelemnul
Zin
Jiyva

Shops:
D:6 :   D:12 [

Portals:
Trove: D:11 (give 8 potions of haste)

Annotations:
D:4 1 runed translucent door, pbellow's ghost, amateur HOFi
D:15 Agnes


Innate Abilities, Weirdness & Mutations

You have a pair of horns on your head.
You reflexively headbutt those who attack you in melee.


Message History

You hit the green draconian. You headbutt the green draconian.
The green draconian is almost dead.
You barely miss the green draconian.
The green draconian is almost dead.
The green draconian breathes poison at you.
The blast of poison misses you.
You slice the green draconian!!
You kill the green draconian!
Trog accepts your kill.
You are engulfed in poison gas.
You are poisoned.
You feel very sick.
You feel the corruption within you wane completely.
You feel robust. x2
An apocalypse crab comes into view.
The substance of the Abyss twists violently, and a gateway leading out appears!
You are engulfed in poison gas.
You are more poisoned.
* * * LOW HITPOINT WARNING * * *
You feel very sick.
There is a gateway leading out of the Abyss here.
Things that are here:
a +0 glaive; a scroll of amnesia You feel better.
You are engulfed in poison gas.
You are poisoned.
* * * LOW HITPOINT WARNING * * *
You feel very sick.
The apocalypse crab is engulfed in poison gas.
The apocalypse crab is poisoned.
You block the apocalypse crab's attack. The apocalypse crab closely misses you.
You barely miss the apocalypse crab. You headbutt the apocalypse crab.
The apocalypse crab is moderately wounded.
You are engulfed in poison gas.
You are lethally poisoned!
* * * LOW HITPOINT WARNING * * *
x2 You feel very sick.
The apocalypse crab is engulfed in poison gas.
The apocalypse crab looks even sicker.
The apocalypse crab bites you.
* * * LOW HITPOINT WARNING * * *
You are engulfed in flames!
You die...

# # . #
.. .. #
.. ### #
.# #○#○#
###
.#..#°###
. .# .#.
#○°○## .#
##.##.
#○°○☼# ..
#...#
####@#
##..#
......t☼#
##..##
...#.##..
. .#.##
.###..
.#.. .#..
# #. ##
#.. ## #
# #.. #
## .## #


You could see an apocalypse crab (very poisoned).

Vanquished Creatures
  Frances (D:13)
  A tentacled starspawn (Abyss:2)
  2 green draconians (Abyss:2)
  5 starcursed masses (Abyss:2)
  Nessos (D:13)
  The ghost of Icepheonix32 the Spry, a journeyman KoWr of Dithmenos (Lair:6)
  7 boulder beetles
  The ghost of ZARRMARR the Blocker, a journeyman OpCj of Sif Muna (Lair:4)
  A catoblepas (Lair:4)
  13 hydras
  A vault guard (D:13)
  11 death yaks
  6 two-headed ogres
  2 dancing weapons (D:8)
  2 tengu warriors (D:14)
  2 large abominations (Abyss:2)
  An orc high priest (Bailey)
  3 wretched stars (Abyss:2)
  4 skeletal warriors (D:13)
  A spatial maelstrom (Abyss:2)
  A shadow demon (Abyss:2)
  A bog body (Lair:4)
  3 wizards
  3 orc knights
  Pikel (D:6)
  2 necromancers (D:13)
  3 deep elf pyromancers
  An orc sorcerer (D:12)
  8 ugly things
  2 manticores
  3 cyclopes
  21 elephants
  5 black mambas
  A worldbinder (Abyss:2)
  An apocalypse crab (Abyss:2)
  2 smoke demons (Abyss:2)
  5 torpor snails
  15 cane toads
  12 komodo dragons
  An unseen horror (D:13)
  A gargoyle (D:11)
  4 kobold demonologists (D:12)
  9 rime drakes
  Maggie (D:6)
  2 tengu conjurers
  A yaktaur (D:13)
  An ancient zyme (Abyss:2)
  A troll (D:10)
  7 polar bears
  A hornet (shapeshifter) (D:14)
  3 meliai (D:14)
  4 hornets
  10 blink frogs
  9 slime creatures (D:12)
  14 dream sheep
  10 spriggans (Lair:6)
  A ynoxinul (Abyss:2)
  2 wraiths
  A yak (shapeshifter) (D:13)
  7 basilisks
  54 yaks
  2 wyverns
  4 steam dragons
  19 humans (D:13)
  A spectral komodo dragon (Lair:4)
  4 vampire mosquitoes (D:14)
  A warg (D:12)
  A spatial vortex (Abyss:2)
  An acid dragon (D:11)
  2 spectral cane toads (Lair:4)
  19 water moccasins
  A hydra simulacrum (Lair:4)
  An ice beast (D:7)
  13 orc warriors
  5 black bears
  3 sky beasts
  A necrophage (D:5)
  38 wolves
  5 boggarts (Lair:6)
  4 centaurs
  5 kobold brigands
  13 bullfrogs
  2 scorpions (D:5)
  A wyvern skeleton (D:6)
  A dream sheep simulacrum (Lair:4)
  15 killer bees
  8 wights
  5 electric eels
  7 howler monkeys
  4 centaur zombies
  2 bullfrog zombies
  3 hounds (D:6)
  10 orc priests
  3 gnoll shamans
  An iguana (D:6)
  5 iron imps (Abyss:2)
  Ijyb (D:4)
  Terence (D:3)
  8 orc wizards
  2 hell rats (Lair:6)
  A small abomination (Abyss:2)
  A howler monkey skeleton (D:5)
  A howler monkey zombie (D:9)
  26 gnolls
  10 river rats (Lair:6)
  8 adders
  An ufetubus (D:6)
  2 dart slugs
  2 worms
  39 orcs
  10 endoplasms
  6 giant cockroaches
  17 goblins
  6 hobgoblins
  7 jackals (D:4)
  2 quokkas
  5 ball pythons
  3 bats
  5 frilled lizards
  30 kobolds
  7 rats
  A butterfly (Lair:5)
712 creatures vanquished.

Vanquished Creatures (collateral kills)
  Rupert (Lair:4)
  A death yak (D:8)
  A kobold demonologist (Bailey)
  A basilisk (D:8)
  An orc warrior (Bailey)
  A centaur (D:8)
  A kobold brigand (D:8)
  A gnoll (Bailey)
  An orc (Bailey)
  A goblin (Bailey)
  A kobold (D:8)
11 creatures vanquished.

Vanquished Creatures (others)
  An anaconda simulacrum (Abyss:2)
  A gnoll (D:6)
  2 orcs (D:12)
  A kobold (D:4)
  41 fungi
  56 plants
  2 starspawn tentacles (Abyss:2)
104 creatures vanquished.

Grand Total: 827 creatures vanquished

Notes
Turn   | Place    | Note
-------+----------+-------------------------------------------
     0 | D:1      | speeev33 the Minotaur Berserker began the quest for the
                  | Orb.
     0 | D:1      | Reached XP level 1. HP: 19/19 MP: 0/0
   368 | D:1      | Reached skill level 1 in Shields
   372 | D:1      | Reached XP level 2. HP: 27/27 MP: 1/1
  1049 | D:1      | Found a faded altar of an unknown god.
  1289 | D:2      | Found a shimmering altar of Xom.
  1321 | D:2      | Reached XP level 3. HP: 9/33 MP: 2/2
  1674 | D:2      | Reached ** piety under Trog
  1675 | D:2      | Reached XP level 4. HP: 41/41 MP: 3/3
  2446 | D:3      | Reached skill level 5 in Fighting
  2605 | D:3      | Identified a scroll of acquirement
  2605 | D:3      | Acquired the ring of Jufog {rElec rF+ rCorr AC+4}
  2631 | D:3      | Reached XP level 5. HP: 48/48 MP: 4/4
  2644 | D:3      | Reached skill level 5 in Long Blades
  3018 | D:3      | Found a snail-covered altar of Cheibriados.
  3392 | D:3      | Noticed Terence
  3398 | D:3      | Killed Terence
  3542 | D:4      | Found a burning altar of Makhleb.
  3580 | D:4      | Reached *** piety under Trog
  3749 | D:4      | Noticed a sky beast
  3766 | D:4      | Killed a sky beast
  3767 | D:4      | Reached XP level 6. HP: 43/57 MP: 5/5
  3878 | D:4      | Found a runed translucent door.
  3882 | D:4      | Noticed pbellow's ghost (amateur HOFi)
  4012 | D:4      | Noticed Ijyb
  4040 | D:4      | Killed Ijyb
  4881 | D:5      | Entered Level 5 of the Dungeon
  4929 | D:5      | Found a stormy altar of Qazlal.
  4984 | D:5      | Reached XP level 7. HP: 29/64 MP: 6/6
  5186 | D:5      | Reached skill level 5 in Shields
  5728 | D:5      | Identified the +1 scale mail of Life {rF+ Int+2}
  6197 | D:6      | Noticed Pikel
  6197 | D:6      | Found Fuaneid's Book Boutique.
  6200 | D:6      | Killed Pikel
  6201 | D:6      | Reached XP level 8. HP: 74/74 MP: 7/7
  6232 | D:6      | Noticed Maggie
  6251 | D:6      | Killed Maggie
  6549 | D:6      | Reached **** piety under Trog
  6558 | D:6      | Reached XP level 9. HP: 70/82 MP: 8/8
  7604 | D:7      | Found a staircase to the Ecumenical Temple.
  7608 | D:7      | Identified the +0 hand axe of Rewkeqog {spect, +Rage Will+
                  | MP-9}
  7793 | D:7      | Found a flagged portal.
  7808 | Bailey   | Entered a bailey
  7822 | Bailey   | Noticed an orc knight
  7843 | Bailey   | Killed an orc knight
  7844 | Bailey   | Reached skill level 10 in Fighting
  7844 | Bailey   | Reached skill level 10 in Long Blades
  7956 | Bailey   | Found an iron altar of Okawaru.
  7956 | Bailey   | Noticed a kobold demonologist
  7956 | Bailey   | Noticed an orc high priest
  7957 | Bailey   | Noticed a hellwing
  7962 | Bailey   | Noticed a sun demon
  7962 | Bailey   | Noticed a red devil
  7968 | Bailey   | Killed an orc high priest
  7969 | Bailey   | Reached XP level 10. HP: 88/94 MP: 9/9
  8004 | Bailey   | Reached skill level 10 in Shields
  8290 | Bailey   | Identified the +3 chain mail of the Onion {rN+ Will+ rCorr
                  | Dex-2}
  8292 | Bailey   | Identified the +0 helmet "Doskagui" {rF++}
  8293 | Bailey   | Identified the +5 ring mail "Kasovegg" {rElec rPois MP+9
                  | Dex-4}
  8333 | Bailey   | Reached XP level 11. HP: 101/101 MP: 10/10
  8569 | Bailey   | Acquired a +0 double sword of draining
  8590 | Bailey   | Noticed an orc knight
  8603 | Bailey   | Killed an orc knight
  9180 | D:7      | Found a hazy altar of Hepliaklqana.
  9488 | D:8      | Noticed a death yak
  9489 | D:8      | Identified the +3 ring mail of Giecenoxt {Fly Int-3 Dex+4}
  9492 | D:8      | Found a staircase to the Lair.
  9494 | D:8      | Killed a death yak
  9495 | D:8      | Reached skill level 15 in Shields
  9545 | D:8      | Reached ***** piety under Trog
 10106 | D:8      | Found a basalt altar of Yredelemnul.
 10159 | D:8      | Found a hide-covered altar of Uskayaw.
 10161 | D:8      | Noticed a +0 hand axe
 10162 | D:8      | Noticed a +0 hand axe
 10184 | D:8      | Killed a +0 hand axe
 10189 | D:8      | Killed a +0 hand axe
 11017 | D:9      | Found a shimmering altar of Xom.
 11020 | D:9      | Found a white marble altar of Elyvilon.
 11024 | D:9      | Found a glowing silver altar of Zin.
 11238 | D:10     | Entered Level 10 of the Dungeon
 11376 | D:10     | Acquired the ring of Wuec {Drain Str+4 Int+6 Slay+5}
 11480 | D:10     | Identified the +0 chain mail of Diomnurr {rF++ Dex-5
                  | Slay+4}
 11694 | D:10     | Reached skill level 3 in Armour
 11921 | Lair:1   | Entered Level 1 of the Lair of Beasts
 11933 | Lair:1   | Identified the +7 rapier "Zoxoveca" {venom, rPois Will-
                  | Int+4}
 12044 | Lair:1   | Reached XP level 12. HP: 113/113 MP: 11/11
 12051 | Lair:1   | Reached skill level 4 in Armour
 12210 | Lair:1   | Reached skill level 5 in Armour
 12260 | Lair:1   | Received a gift from Trog
 12347 | Lair:1   | Noticed a six-headed hydra
 12358 | Lair:1   | Killed a three-headed hydra
 12359 | Lair:1   | Reached skill level 6 in Armour
 12608 | Lair:1   | Reached skill level 7 in Armour
 13152 | Lair:2   | Reached skill level 8 in Armour
 13311 | Lair:2   | Reached skill level 9 in Armour
 13636 | Lair:2   | Noticed a death yak
 13648 | Lair:2   | Killed a death yak
 13725 | Lair:2   | Reached XP level 13. HP: 123/123 MP: 12/12
 13769 | Lair:2   | Acquired a manual of Armour
 13940 | Lair:2   | Found a hole to the Spider Nest.
 14304 | Lair:3   | Reached skill level 10 in Armour
 14481 | Lair:3   | Reached skill level 11 in Armour
 14483 | Lair:3   | Received a gift from Trog
 14852 | Lair:3   | Reached skill level 12 in Armour
 15425 | Lair:4   | Found a runed translucent gate.
 15426 | Lair:4   | Found a runed translucent gate.
 15427 | Lair:4   | Found a runed translucent gate.
 15509 | Lair:4   | Reached skill level 13 in Armour
 15515 | Lair:4   | Found the +4 skin of Zhor {*Englaciate rC+++ SInv}
 15557 | Lair:4   | Found a transporter.
 15565 | Lair:4   | Found a transporter.
 15719 | Lair:4   | Reached skill level 14 in Armour
 15756 | Lair:4   | Identified the +7 long sword "Ulloj" {vorpal, rC+}
 15872 | Lair:4   | Noticed Rupert
 15889 | Lair:4   | Killed Rupert
 16150 | Lair:4   | Reached skill level 15 in Armour
 16262 | Lair:4   | Reached XP level 14. HP: 125/133 MP: 13/13
 16282 | Lair:4   | Found a staircase to the Swamp.
 16588 | Lair:4   | Noticed ZARRMARR's ghost (journeyman OpCj)
 16614 | Lair:4   | Killed ZARRMARR's ghost
 16615 | Lair:4   | Reached skill level 15 in Fighting
 16679 | Lair:5   | Reached skill level 15 in Long Blades
 16746 | Lair:5   | Identified the +6 long sword of Minotaur's Regret {vorpal,
                  | Will++} (Trog gifted it to you on level 5 of the Lair of
                  | Beasts)
 16746 | Lair:5   | Received a gift from Trog
 16760 | Lair:5   | Reached skill level 16 in Armour
 17114 | Lair:5   | You fall into a shaft and drop 1 floor!
 17114 | Lair:6   | Entered Level 6 of the Lair of Beasts
 17185 | Lair:6   | Found a runed translucent gate.
 17385 | Lair:6   | Reached skill level 17 in Armour
 17537 | Lair:6   | Reached ****** piety under Trog
 18238 | Lair:6   | Received a gift from Trog
 18277 | Lair:6   | Found a runed translucent gate.
 18291 | Lair:6   | Found a runed translucent gate.
 18291 | Lair:6   | Noticed Icepheonix32's ghost (journeyman KoWr)
 18520 | Lair:6   | Identified the ring of Dim Light {Fly rN+++ Str+4 Int-4
                  | SInv}
 18523 | Lair:6   | Identified the +3 scimitar of Luos Rer {holy, rElec Dex+2}
 18772 | Lair:6   | Reached skill level 18 in Armour
 18772 | Lair:6   | Reached XP level 15. HP: 74/144 MP: 14/14
 19020 | Lair:6   | Killed Icepheonix32's ghost
 19640 | Lair:6   | Found a viscous altar of Jiyva.
 19640 | Lair:6   | Found a staircase to the Slime Pits.
 20133 | D:11     | Found a portal to a secret trove of treasure.
 20627 | D:12     | Found a shadowy altar of Dithmenos.
 20883 | D:12     | Found a staircase to the Orcish Mines.
 20918 | D:12     | Reached skill level 19 in Armour
 21088 | D:12     | Found Icypraahi's Armour Boutique.
 22271 | D:13     | Noticed Nessos
 22277 | D:13     | Killed Nessos
 22279 | D:13     | Acquired 885 gold pieces
 22357 | D:13     | Noticed Frances
 22372 | D:13     | Killed Frances
 22622 | D:13     | Received a gift from Trog
 22782 | D:13     | Reached skill level 1 in Evocations
 23035 | D:13     | Found a gate to the Vaults.
 23667 | D:14     | Reached skill level 20 in Armour
 23667 | D:14     | Reached XP level 16. HP: 145/155 MP: 15/15
 24466 | D:15     | Entered Level 15 of the Dungeon
 24730 | D:15     | Noticed Agnes
 24763 | D:15     | Cast into level 2 of the Abyss (Agnes)
 24763 | Abyss:2  | Found a corrupted altar of Lugonu.
 25520 | Abyss:2  | Noticed a tentacled starspawn
 25526 | Abyss:2  | Killed a tentacled starspawn
 26003 | Abyss:2  | HP: 6/157 [apocalypse crab (5)]
 26003 | Abyss:2  | Slain by an apocalypse crab

Illustrated notes

Levels and vault maps discovered:
D:1:      psy_arrival_radial02, layout_loops_ring,
          dilly_ecumenical_altar_fadedgnrine, glass_columns_a,
          grunt_decor_one_mirror, st_stairs_2, roderic_serpentine_path,
          item_on_display_a
D:2:      layout_basic, basic_altar, due_unseen_surprise
D:3:      layout_basic, slow_altar_1, lemuel_another_geyser, uniq_terence
D:4:      layout_basic, bloody_makhleb, ebering_ghost_inner_flame, uniq_natasha,
          uniq_ijyb
D:5:      layout_cave_pods, old_standard_altar, gup_sewer_entry_glass
D:6:      layout_basic, serial_shops, nicolae_stop_n_shop_1,
          kennysheep_generic_room_13, uniq_maggie, uniq_pikel
D:7:      layout_loops_ring, old_standard_altar, temple_hall, enter_bailey_2
D:8:      layout_basic, nicolae_overflow_crystal_walls, dancing_weapons_uskayaw,
          david_lair_generic
D:9:      layout_roguey, grunt_temple_overflow_diamond
D:10:     layout_basic, serial_corexii_hall, corexii_hall_statues_l,
          chequers_hall_statues_wall_a, chequers_hall_statues_wall_a
D:11:     layout_big_octagon, enter_trove_3
D:12:     layout_long_grid, david_orc_3, serial_shops,
          nicolae_inconvenience_store, grunt_dithmenos_smoke_and_mirrors
D:13:     layout_stronghold, grunt_vaults_entry_tiered, uniq_frances,
          uniq_nessos
D:14:     layout_roguey, serial_curves, eino_curves_03, eino_curves_02
D:15:     hangedman_depths_entry_civil_slaughter, layout_layer_cave,
          nemelex_lonely_heart_becter, minivault_12, uniq_agnes
Lair:1:   layout_cave_pods
Lair:2:   statuecave_lemuel, layout_chaotic_city, dummy_spider_entry,
          grunt_megastairs_1
Lair:3:   layout_roguey
Lair:4:   gammafunk_boulding_lane, layout_regular_city,
          skrybe_swamp_entry_bodies, gammafunk_ghost_necromancy,
          hellmonk_guarded_unrand_zhor, uniq_rupert
Lair:5:   layout_regular_city, grunt_megastairs_2, lemuel_fruit_tree,
          lemuel_fruit_fields, lemuel_fruit_fields
Lair:6:   minmay_lair_end_enchanted_forest, layout_cave_pods,
          dpeg_slime_entry_enclosed_altar, gammafunk_ghost_hydra_chop,
          serial_bayou_pond_e, st_stairs_10, kennysheep_rathole
Abyss:2:  base: D:9, hangedman_abyss_or_decor_passed, due_exit_kobolds,
          due_exit_kobolds

Skill      XL: |  1  2  3  4  5  6  7  8  9 10 11 12 13 14 15 16 |
---------------+-------------------------------------------------+-----
Shields        | 1 2 3 4 6 7 9 14 15 | 15.0
Fighting       | 4 5 6 7 8 10 12 13 14 16 17 18 | 18.0
Long Blades    | 4 5 6 7 8 10 12 13 14 16 | 16.0
Armour         | 3 9 15 18 20 | 20.3
Evocations     | 2 4 |  4.7
Dodging        | |  2.1

Action                   |  1- 3 |  4- 6 |  7- 9 | 10-12 | 13-15 | 16-18 || total
-------------------------+-------+-------+-------+-------+-------+-------++-------
Melee: Falchion          |    60 |   213 |    19 |       |       |       ||   292
       Headbutt          |    16 |    38 |    53 |    95 |   315 |    64 ||   581
       Long sword        |       |       |    70 |       |   691 |       ||   761
       Scimitar          |       |       |   128 |    92 |   494 |   143 ||   857
       Double sword      |       |       |       |   404 |   175 |       ||   579
Throw: Boomerang         |     1 |       |       |       |       |       ||     1
       Throwing net      |       |       |       |       |     6 |       ||     6
Invok: Berserk           |       |     1 |     1 |     1 |       |     1 ||     4
       Brothers in Arms  |       |       |     2 |     1 |     4 |       ||     7
Evoke: Wand              |       |     1 |     3 |     1 |    42 |       ||    47
  Use: Scroll            |     1 |     7 |     3 |     8 |    13 |     1 ||    33
       Potion            |       |     2 |       |     3 |     2 |     6 ||    13
 Stab: Distracted        |       |       |       |       |       |     1 ||     1
Armor: Animal skin       |     2 |     4 |       |       |       |       ||     6
       Scale mail        |       |    75 |    80 |     6 |       |       ||   161
       Chain mail        |       |       |       |    99 |   380 |    19 ||   498
Dodge: Dodged            |    20 |    51 |    39 |    81 |   219 |    19 ||   429
Block: Kite shield       |    27 |   154 |   143 |   375 |   962 |    92 ||  1753
       Reflection        |       |     2 |     4 |     9 |    18 |     6 ||    39
       Rpst.: Falchion   |    11 |    15 |     1 |       |       |       ||    27
       Long sword        |       |       |     2 |       |    22 |       ||    24
       Scimitar          |       |       |     7 |     6 |    26 |     6 ||    45
       Double sword      |       |       |       |    17 |     4 |       ||    21
